 Dungeon Crawl Stone Soup version 0.30-a0-591-g3c58d2bc28 (webtiles) character file.

Game seed: 4195866506603710077

279 omnomnOMINOUS the Cudgeller (level 6, -3/63 HPs)
             Began as an Octopode Wanderer on Jan 5, 2023.
             Slain by Grinder (5 damage)
             ... on level 4 of the Dungeon.
             The game lasted 00:03:25 (2783 turns).

omnomnOMINOUS the Cudgeller (Octopode Wanderer)     Turns: 2783, Time: 00:03:25

Health: -3/63      AC: 23    Str: 11    XL:     6   Next: 26%
Magic:  0/9        EV:  2    Int: 15    God:
Gold:   151        SH:  0    Dex: 13    Spells: 9/9 levels left

rFire   . . .      SeeInvis .    a - +2 mace
rCold   . . .      Faith    .    p - orb {light}
rNeg    . . .      Spirit   +    (helmet currently unavailable)
rPois   +          Reflect  .    f - amulet of guardian spirit
rElec   .          Harm     .    (no ring)
rCorr   .          Rampage  .    (no ring)
Will    .....      NoTele   +    (no ring)
Stlth   +                        (no ring)
HPRegen 0.30/turn                (no ring)
MPRegen 0.11/turn                (no ring)
                                 (no ring)
                                 (no ring)

@: tree-form, glowing
A: stationary, stasis, torment immunity, boosted hp, almost no armour,
(amphibious), 8 rings, (camouflage 1), (gelatinous body 1), (nimble swimmer 1),
(tentacles)
a: no special abilities


You were on level 4 of the Dungeon.
You were a tree.
You visited 1 branch of the dungeon, and saw 4 of its levels.

You collected 151 gold pieces.

Inventory:

Hand Weapons
 a - a +2 mace (weapon)
 b - a +0 short sword
 d - a +0 dagger
 s - a +2 antimagic short sword
 t - a +1 dagger of draining
 v - a +3 hand axe
 w - a +2 antimagic dagger
Missiles
 c - 19 poisoned darts (quivered)
Armour
 p - an orb of light (worn)
Jewellery
 f - an amulet of guardian spirit (around neck)
 n - a ring of fire
Scrolls
 e - a scroll of teleportation
 h - 2 scrolls of fear {unknown}
 i - 2 scrolls of enchant armour {unknown}
 j - 2 scrolls of magic mapping {unknown}
 k - 5 scrolls of identify {unknown}
 l - a scroll of immolation {unknown}
 r - 3 scrolls of torment {unknown}
 u - a scroll of vulnerability {unknown}
Potions
 g - a potion of attraction {unknown}
 m - a potion of lignification
 o - 3 potions of curing {unknown}
 q - 2 potions of heal wounds {unknown}


   Skills:
 + Level 3.0 Fighting
 - Level 2.0 Short Blades
 + Level 5.8 Maces & Flails
 - Level 2.0 Throwing
 + Level 2.7 Dodging
 + Level 2.4 Spellcasting


You had 9 spell levels left.
You didn't know any spells.
Your spell library contained the following spells:

 Spells                   Type           Power      Damage    Failure   Level
 Shock                    Conj/Air       4%         1d3       22%         1
 Swiftness                Air            1%         N/A       54%         3
 Airstrike                Air            0%         2d(1-17)  91%         4


Dungeon Overview and Level Annotations

Branches:
Dungeon (4/15)
 Temple: D:4-7

Altars:

Annotations:
D:4 Grinder


Innate Abilities, Weirdness & Mutations

You are a tree.
Your roots penetrate the ground, keeping you stationary.
You cannot be teleported.
You are immune to unholy pain and torment.
Your maximum health is greatly increased.
You cannot wear most types of armour.
((You are amphibious.))
You can wear up to eight rings at the same time.
((Your skin changes colour to match your surroundings (Stealth+).))
((Your rubbery body absorbs attacks. (AC +1, EV +1)))
((You are camouflaged when in or above water. (Stealth+)))
((You have tentacles for arms and can constrict up to eight enemies at once.))


Message History

You hit Grinder.
Grinder is moderately wounded.
You constrict Grinder. You constrict the giant cockroach.
The giant cockroach bites you. The giant cockroach misses you.
Grinder gestures at you. Pain shoots through your body!
You hit Grinder.
Grinder is moderately wounded.
You constrict Grinder. You constrict the giant cockroach.
You kill the giant cockroach!
Grinder hits you.
You writhe in agony.
You hit Grinder but do no damage.
Grinder is moderately wounded.
You constrict Grinder. Grinder hits you.
You writhe in agony.
* * * LOW HITPOINT WARNING * * *
It was a potion of lignification.
You turn into a tree.
Your roots penetrate the ground.
You lose your grip on Grinder.
Grinder hits you but does no damage.
You hit Grinder but do no damage.
Grinder is heavily wounded.
Grinder hits you but does no damage.
A gnoll comes into view. It is wielding a +0 flail.
You barely miss Grinder.
Grinder is heavily wounded.
The gnoll shouts!
Grinder hits you but does no damage.
You hit Grinder.
Grinder is heavily wounded.
Grinder hits you.
* * * LOW HITPOINT WARNING * * *
You writhe in agony.
* * * LOW HITPOINT WARNING * * *
Grinder hits you.
* * * LOW HITPOINT WARNING * * *
You writhe in agony.
* * * LOW HITPOINT WARNING * * *
You hit Grinder but do no damage.
Grinder is heavily wounded.
Grinder hits you.
You die...

.##........ ♣.♣ #.#
..#.....# ♣.♣ ..
..#.....# ♣.♣ .#
..†.....# #♣.♣##.##
..##....####...#...#
..##.##....#'''#[..# #
.##..#######....)..#.#
###[## ....(........##.
###.####.###....♣..!g...
#........# #.....5..####
#.#.#######........##
#.#.# ............
..#.## ............##
.........#...........
#...####.#..........##
....................#
.#........


You could see Grinder and a gnoll.

Vanquished Creatures
  An orc priest (D:3)
  Natasha (D:4)
  4 orc wizards
  4 adders
  4 dart slugs
  12 orcs
  6 endoplasms
  A giant cockroach (D:4)
  6 goblins
  11 hobgoblins
  4 kobolds
  2 quokkas
  5 ball pythons
  3 bats
  6 frilled lizards
  3 rats
73 creatures vanquished.

Notes
Turn   | Place    | Note
-------+----------+-------------------------------------------
     0 | D:1      | omnomnOMINOUS the Octopode Wanderer began the quest for the
                  | Orb.
     0 | D:1      | omnomnOMINOUS set off with the following items: a +2 mace,
                  | a +0 short sword, 8 poisoned darts, a +0 dagger, a scroll
                  | of teleportation.
     0 | D:1      | Reached XP level 1. HP: 13/13 MP: 1/1
   443 | D:1      | Reached XP level 2. HP: 18/18 MP: 2/2
   720 | D:1      | Reached skill level 1 in Dodging
   728 | D:1      | Reached skill level 1 in Spellcasting
   728 | D:1      | Reached XP level 3. HP: 9/23 MP: 4/4
  1352 | D:2      | You fall into a shaft and drop 1 floor!
  1533 | D:3      | Reached XP level 4. HP: 29/29 MP: 5/5
  1999 | D:3      | Reached XP level 5. HP: 30/35 MP: 4/7
  2630 | D:4      | Reached XP level 6. HP: 30/41 MP: 3/9
  2766 | D:4      | Noticed Grinder
  2768 | D:4      | Noticed Natasha
  2773 | D:4      | Killed Natasha
  2782 | D:4      | HP: 2/63 [Grinder (5)]
  2783 | D:4      | Slain by Grinder

Illustrated notes

Levels and vault maps discovered:
D:1:      dpeg_arrival_tiny_a, layout_basic
D:2:      layout_loops_cross, chequers_jeans
D:3:      layout_basic, feat_on_display
D:4:      layout_rooms, minmay_temple_entry_nine_rooms, grunt_decor_resistance,
          grunt_decor_one_mirror, kennysheep_cross_bottleneck, uniq_grinder,
          uniq_natasha, uniq_edmund

Skill      XL: |  1  2  3  4  5  6 |
---------------+-------------------+-----
Dodging        | 1 2 |  2.7
Spellcasting   | 1 2 |  2.4
Fighting       | 2 3 |  3.0
Short Blades   | |  2.0
Maces & Flails | |  5.8
Throwing       | |  2.0

Action                   |  1- 3 |  4- 6 || total
-------------------------+-------+-------++-------
Melee: Mace              |    69 |    74 ||   143
       Constrict         |    19 |    24 ||    43
       Tentacles         |    15 |    18 ||    33
  Use: Potion            |       |     1 ||     1
 Stab: Sleeping          |     3 |       ||     3
Armor: Skin              |     1 |     3 ||     4
Dodge: Dodged            |    46 |    37 ||    83

Table legend: (Time is in decaauts)
 A = Elapsed time spent in this place.
 B = Non-inter-level travel time spent in this place.
 C = Inter-level travel time spent in this place.
 D = Time resting spent in this place.
 E = Time spent auto-exploring this place.
 F = Levels seen in this place.
 G = Mean time per level.
                   A        B        C        D        E       F      G
               +--------+--------+--------+--------+--------+-----+--------+
         Total |   2802 |   2733 |     69 |    105 |   2201 |   4 |  700.5 |
       Dungeon |   2802 |   2733 |     69 |    105 |   2201 |   4 |  700.5 |
               +--------+--------+--------+--------+--------+-----+--------+

Top non-repeatable levels by time:
     D:1: 1006 daAuts
     D:3: 799 daAuts
     D:2: 621 daAuts
     D:4: 374 daAuts
